 Dungeon Crawl Stone Soup version 0.21.1-1-g345015f (webtiles) character file.

104 wilfster70 the Ducker (level 4, -1/27 HPs)
             Began as an Octopode Fighter on Feb 27, 2018.
             Was an Initiate of Hepliaklqana.
             Killed by divine providence
             ... invoked by an orc priest
              (14 damage)
             ... on level 3 of the Dungeon.
             The game lasted 00:08:33 (2299 turns).

wilfster70 the Ducker (Octopode Fighter)            Turns: 2299, Time: 00:08:34

Health: -1/27      AC:  1    Str: 15    XL:     4   Next: 80%
Magic:  4/4        EV: 12    Int: 11    God:    Hepliaklqana [......]
Gold:   147        SH:  8    Dex: 11    Spells: 3/3 levels left

rFire    + . .     SeeInvis .   a - +0 trident
rCold    . . .     Gourm    .   b - +0 shield
rNeg     . . .     Faith    .   (helmet restricted)
rPois    +         Spirit   .   (no amulet)
rElec    .         Reflect  .   n - ring of protection from fire
rCorr    .         Harm     .   u - ring of poison resistance
MR       .....                  (no ring)
Stlth    ++........             (no ring)
HPRegen  0.09/turn              (no ring)
MPRegen  0.09/turn              (no ring)
                                (no ring)
                                (no ring)

@: no status effects
A: almost no armour, stealthy swim, amphibious, 8 rings, constrict 8, reduced
essence, camouflage 1, gelatinous body 1
a: Recall Ancestor, Ancestor Identity, Renounce Religion


You were on level 3 of the Dungeon.
You worshipped Hepliaklqana.
Hepliaklqana was noncommittal.
You were not hungry.

You visited 1 branch of the dungeon, and saw 3 of its levels.

You collected 147 gold pieces.

Inventory:

Hand Weapons
 a - a +0 trident (weapon)
Missiles
 e - 75 stones (quivered)
Armour
 b - a +0 shield (worn)
Jewellery
 n - a ring of protection from fire (left tentacle)
 r - an uncursed amulet of the gourmand {unknown}
 u - a ring of poison resistance (right tentacle)
Scrolls
 g - a scroll of immolation {unknown}
 h - a scroll of teleportation
 i - a scroll of amnesia {unknown}
 l - a scroll of blinking {unknown}
 m - a scroll of fog {unknown}
 o - a scroll of identify {unknown}
Potions
 c - a potion of might
 f - a potion of heal wounds {unknown}
 j - a potion of cancellation {unknown}
 k - 2 potions of curing {unknown}
 p - a potion of ambrosia {unknown}
 q - 2 potions of lignification {unknown}
 t - a potion of brilliance {unknown}
Comestibles
 d - 6 rations
 s - 2 chunks of flesh


   Skills:
 + Level 3.5 Fighting
 * Level 3.3 Polearms
 + Level 3.5 Dodging
 + Level 3.5 Shields


You had 3 spell levels left.
You didn't know any spells.

Dungeon Overview and Level Annotations

Branches:
Dungeon (3/15)

Altars:
Cheibriados
Hepliaklqana
Sif Muna

Annotations:
D:3 bmj180's ghost, amateur MiFi


Innate Abilities, Weirdness & Mutations

You cannot wear most types of armour.
You are very stealthy in the water. (Stealth+)
You are amphibious.
You can wear up to eight rings at the same time.
You can use your tentacles to constrict eight enemies at once.
Your skin changes colour to match your surroundings (Stealth+).
Your rubbery body absorbs attacks. (AC +1, EV +1)
Your life essence is reduced to manifest your ancestor. (-10% HP)


Message History

Attack whom?
Press: ? - help, Dir - move target cursor, f/p - orc
Aim: an orc, wielding a falchion (almost dead)
You reach to attack!
You hit the orc.
You kill the orc!
Attack whom?
Press: ? - help, Dir - move target cursor, f - orc
Aim: an orc, wielding a flail and wearing a leather armour You could not reach far enough!
The orc hits Gerald with a flail.
The orc priest invokes the aid of Beogh against you.
Beogh smites you!
Ouch! That really hurt!
Gerald hits the orc.
You are too injured to fight recklessly!
The orc hits Gerald with a flail!
Gerald is destroyed!
The orc priest invokes the aid of Beogh against you.
Beogh smites you!
Ouch! That really hurt!
You die...

#############
#..........<#
#.#########.##
#.# #...
#####.# #..#
#...(.# #..#
#.#####
######.)# #.#
#......). #@#
#.....##..#
#.#
#.#.#.##.)#
#.#
#.........#
#o#
#.........#


#oo #.........# ##.# #.....>.... .# #.........# .# ......... .# ...$...## You
could see an orc priest and 2 orcs.

Vanquished Creatures
  Natasha (D:3)
  An adder (D:2)
  A worm (D:2)
  3 dart slugs
  7 orcs (D:3)
  A giant cockroach (D:3)
  10 goblins
  8 hobgoblins
  A ball python (D:1)
  2 bats
  A frilled lizard (D:3)
  A kobold (D:1)
  18 rats
55 creatures vanquished.

Vanquished Creatures (collateral kills)
  A hobgoblin (D:3)
1 creature vanquished.

Vanquished Creatures (others)
  An ancestor (D:3)
1 creature vanquished.

Grand Total: 57 creatures vanquished

Notes
Turn   | Place    | Note
-------+----------+-------------------------------------------
     0 | D:1      | wilfster70 the Octopode Fighter began the quest for the Orb.
     0 | D:1      | Reached XP level 1. HP: 16/16 MP: 1/1
    33 | D:1      | Reached XP level 2. HP: 8/21 MP: 2/2
   689 | D:1      | Reached XP level 3. HP: 26/26 MP: 3/3
  1011 | D:2      | Found a deep blue altar of Sif Muna.
  1011 | D:2      | Found a snail-covered altar of Cheibriados.
  1574 | D:2      | Found a hazy altar of Hepliaklqana.
  1589 | D:2      | Became a worshipper of Hepliaklqana the Forgotten
  1601 | D:2      | Reached XP level 4. HP: 27/27 MP: 4/4
  1873 | D:3      | Noticed Natasha
  1880 | D:3      | Killed Natasha
  2163 | D:3      | Noticed bmj180's ghost (amateur MiFi)
  2299 | D:3      | Killed from afar by an orc priest

Skill      XL: |  1  2  3 |
---------------+----------+-----
Polearms       | 3 |  3.3
Fighting       | |  3.5
Dodging        | |  3.5
Shields        | |  3.5

Action                   |  1- 3 |  4- 6 || total
-------------------------+-------+-------++-------
Melee: Trident           |    68 |    29 ||    97
       Constrict         |    13 |     9 ||    22
       Tentacles         |     6 |     3 ||     9
Throw: Stone             |    37 |       ||    37
Invok: Ancestor Identity |     1 |       ||     1
       Recall Ancestor   |       |     3 ||     3
  Use: Scroll            |       |     1 ||     1
 Stab: Sleeping          |     5 |     1 ||     6
  Eat: Chunk             |     2 |     2 ||     4
Armor: Skin              |     2 |       ||     2
Dodge: Dodged            |    10 |     6 ||    16
Block: Shield            |    17 |    13 ||    30
